 Dungeon Crawl Stone Soup version 0.29-a0-993-g4a18f31a58 (webtiles) character file.

Game seed: 9332119407564363733

47 enile the Insei (level 3, -2/36 HPs)
             Began as an Octopode Transmuter on Aug 2, 2022.
             Slain by an iron imp (7 damage)
             ... summoned by Natasha
             ... on level 2 of the Dungeon.
             The game lasted 00:02:01 (1300 turns).

enile the Insei (Octopode Transmuter)               Turns: 1300, Time: 00:02:01

Health: -2/36      AC: 21    Str:  9    XL:     3   Next: 70%
Magic:  6/6        EV:  2    Int: 17    God:
Gold:   47         SH:  0    Dex: 12    Spells: 5/6 levels left

rFire   . . .      SeeInvis .   b - +1 dagger (vamp)
rCold   . . .      Faith    .   (no shield)
rNeg    . . .      Spirit   .   (helmet currently unavailable)
rPois   +          Reflect  .   (no amulet)
rElec   .          Harm     .   (no ring)
rCorr   .          Rampage  .   (no ring)
Will    .....      NoTele   +   (no ring)
Stlth   +.........              (no ring)
HPRegen 0.12/turn               (no ring)
MPRegen 0.10/turn               (no ring)
                                (no ring)
                                (no ring)

@: tree-form, silenced
A: stationary, stasis, torment immunity, boosted hp, almost no armour,
(amphibious), 8 rings, (camouflage 1), (gelatinous body 1), (nimble swimmer 1),
(tentacles)
a: no special abilities


You were on level 2 of the Dungeon.
You were a tree.
You visited 1 branch of the dungeon, and saw 2 of its levels.

You collected 47 gold pieces.

Inventory:

Hand Weapons
 b - a +1 vampiric dagger (weapon)
Scrolls
 c - a scroll of teleportation {unknown}
 d - a scroll of enchant weapon {unknown}


   Skills:
 - Level 2.0 Fighting
 - Level 2.0 Short Blades
 - Level 2.0 Dodging
 + Level 2.3 Stealth
 - Level 3.0 Unarmed Combat
 - Level 2.0 Spellcasting
 - Level 2.0 Transmutations


You had 5 spell levels left.
You knew the following spells:

 Your Spells              Type           Power      Damage    Failure   Level
a - Beastly Appendage     Tmut           16%        N/A       9%          1

Your spell library contained the following spells:

 Spells                   Type           Power      Damage    Failure   Level
 Wereblood                Tmut           8%         N/A       13%         2
 Spider Form              Tmut/Pois      5%         N/A       36%         3
 Ice Form                 Ice/Tmut       5%         N/A       77%         4


Dungeon Overview and Level Annotations

Branches:
Dungeon (2/15)

Altars:

Annotations:
D:2 Natasha


Innate Abilities, Weirdness & Mutations

You are a tree.
Your roots penetrate the ground, keeping you stationary.
You cannot be teleported.
You are immune to unholy pain and torment.
Your maximum health is greatly increased.
You cannot wear most types of armour.
((You are amphibious.))
You can wear up to eight rings at the same time.
((Your skin changes colour to match your surroundings (Stealth+).))
((Your rubbery body absorbs attacks. (AC +1, EV +1)))
((You are camouflaged when in or above water. (Stealth+)))
((You have tentacles for arms and can constrict up to eight enemies at once.))


Message History

The magic dart hits you!
Natasha stares at you and mumbles some strange words.
The magic dart hits you!
* * * LOW HITPOINT WARNING * * *
Okay, then.
Okay, then.
Natasha casts a spell.
As you read the scroll labelled PECEUS OMIYQOLIN, it crumbles to dust.
A profound silence engulfs you.
It was a scroll of silence.
Really quaff the potion of lignification?
You turn into a tree.
Your roots penetrate the ground.
You hit the ball python.
You feel better.
You kill the ball python!
Natasha extends her claws.
Natasha casts a spell at you.
The magic dart hits you but does no damage.
You cannot cast spells when silenced!
Magic scrolls do not work when you're silenced!
You aren't carrying any potions.
Unknown command.
You cannot cast spells when silenced!
Natasha stares at you and mumbles some strange words.
The magic dart hits you but does no damage.
Natasha casts a spell at you. The magic dart hits you.
* * * LOW HITPOINT WARNING * * *
You hit the iron imp but do no damage. The iron imp hits you.
* * * LOW HITPOINT WARNING * * *
Magic scrolls do not work when you're silenced!
You aren't carrying any potions.
Sorry, you're not good enough to have a special ability.
You barely miss the iron imp.
The iron imp hits you but does no damage.
You hit the iron imp but do no damage. You hit the iron imp but do no damage.
The iron imp hits you but does no damage.
You hit the iron imp.
The iron imp is lightly wounded.
The iron imp hits you!
You die...

..###...####.........#
##......>######### #
##...##### #. ##....#
###.## #...#.#
#.....###.#...########
.#.....#...##..........
..<$...#..h##........##
#.........55♣......###
.......#...##......#
#.........##......#
#.....†#..####...##
.........#.# #.#.#
..######...# #..... .
..... ...... ###....
..... ##.##.


You could see 2 iron imps and Natasha.

Vanquished Creatures
  A dart slug (D:1)
  5 endoplasms (D:1)
  2 giant cockroaches (D:1)
  5 goblins (D:1)
  5 hobgoblins
  2 jackals (D:1)
  4 quokkas
  5 ball pythons
  4 bats (D:1)
  3 frilled lizards
  A kobold (D:1)
  2 rats
39 creatures vanquished.

Notes
Turn   | Place    | Note
-------+----------+-------------------------------------------
     0 | D:1      | enile the Octopode Transmuter began the quest for the Orb.
     0 | D:1      | Reached XP level 1. HP: 13/13 MP: 3/3
   158 | D:1      | Reached XP level 2. HP: 19/19 MP: 5/5
   179 | D:1      | Reached skill level 1 in Short Blades
   616 | D:1      | Reached XP level 3. HP: 23/24 MP: 4/6
   767 | D:1      | Reached skill level 1 in Stealth
  1282 | D:2      | Noticed Natasha
  1300 | D:2      | Slain by an iron imp

Illustrated notes

Levels and vault maps discovered:
D:1:      matt_arrival_los_fun, layout_basic, serial_glass, glass_columns_a,
          glass_columns_a, glass_columns_c, glass_columns_a
D:2:      layout_rooms, uniq_terence, uniq_natasha

Skill      XL: |  1  2  3 |
---------------+----------+-----
Fighting       | 2 |  2.0
Short Blades   | 1 2 |  2.0
Stealth        | 2 |  2.3
Dodging        | |  2.0
Unarmed Combat | |  3.0
Spellcasting   | |  2.0
Transmutations | |  2.0

Action                   || total
-------------------------++-------
Melee: Dagger            ||    73
       Constrict         ||    15
       Kick              ||     9
       Unarmed           ||     2
       Tentacles         ||     9
 Cast: Beastly Appendage ||    12
  Use: Scroll            ||     1
       Potion            ||     1
 Stab: Sleeping          ||     7
Armor: Skin              ||     7
Dodge: Dodged            ||    34

Table legend: (Time is in decaauts)
 A = Elapsed time spent in this place.
 B = Non-inter-level travel time spent in this place.
 C = Inter-level travel time spent in this place.
 D = Time resting spent in this place.
 E = Time spent auto-exploring this place.
 F = Levels seen in this place.
 G = Mean time per level.
                   A        B        C        D        E       F      G
               +--------+--------+--------+--------+--------+-----+--------+
         Total |   1293 |   1236 |     57 |      0 |   1034 |   2 |  646.5 |
       Dungeon |   1293 |   1236 |     57 |      0 |   1034 |   2 |  646.5 |
               +--------+--------+--------+--------+--------+-----+--------+

Top non-repeatable levels by time:
     D:1: 1237 daAuts
     D:2: 56 daAuts
